 Dungeon Crawl Stone Soup version 0.23-a0-338-g8ff0b24 (webtiles) character file.

7 supaplexer the Skirmisher (level 2, 0/22 HPs)
             Began as an Octopode Wanderer on Oct 18, 2018.
             Slain by a sky beast (1 damage)
             ... on level 1 of the Dungeon.
             The game lasted 00:02:01 (1293 turns).

supaplexer the Skirmisher (Octopode Wanderer)       Turns: 1293, Time: 00:02:02

Health: 0/22       AC:  1    Str: 10    XL:     2   Next: 4%
Magic:  2/2        EV: 13    Int: 14    God:
Gold:   22         SH:  0    Dex: 12    Spells: 1/1 levels left

rFire    . . .     SeeInvis .   a - +2 shortbow
rCold    . . .     Gourm    .   (shield currently unavailable)
rNeg     . . .     Faith    .   (helmet restricted)
rPois    .         Spirit   .   (no amulet)
rElec    .         Reflect  .   (no ring)
rCorr    .         Harm     .   (no ring)
MR       .....                  (no ring)
Stlth    +++.......             (no ring)
HPRegen  0.07/turn              (no ring)
MPRegen  0.08/turn              (no ring)
                                (no ring)
                                (no ring)

@: no status effects
A: almost no armour, stealthy swim, amphibious, 8 rings, constrict 8, camouflage
1, gelatinous body 1
a: no special abilities


You were on level 1 of the Dungeon.
You were hungry.

You visited 1 branch of the dungeon, and saw 2 of its levels.

You collected 22 gold pieces.

Inventory:

Hand Weapons
 a - a +2 shortbow (weapon)
 c - a +0 mace
Missiles
 b - 39 arrows (quivered)
 l - 20 sling bullets
Jewellery
 e - an uncursed ring of stealth {unknown}
 g - a cursed amulet of inaccuracy {unknown}
 j - an uncursed amulet of magic regeneration {unknown}
Scrolls
 h - a scroll of remove curse {unknown}
 i - a scroll of identify {unknown}
 k - a scroll of enchant armour {unknown}
Potions
 d - 2 potions of curing {@q1}
Comestibles
 f - a ration


   Skills:
 - Level 4.0 Fighting
 - Level 1.0 Maces & Flails
 - Level 3.0 Bows
 - Level 1.0 Throwing
 * Level 1.6 Dodging
 - Level 1.3 Stealth


You had one spell level left.
You didn't know any spells.
Your spell library was empty.

Dungeon Overview and Level Annotations

Branches:
Dungeon (2/15)

Altars:


Innate Abilities, Weirdness & Mutations

You cannot wear most types of armour.
You are very stealthy in the water. (Stealth+)
You are amphibious.
You can wear up to eight rings at the same time.
You can use your tentacles to constrict eight enemies at once.
Your skin changes colour to match your surroundings (Stealth+).
Your rubbery body absorbs attacks. (AC +1, EV +1)


Message History

Deactivating autopickup; reactivate with Ctrl-A.
A sky beast appears from thin air!
Reactivating autopickup.
The sky beast flickers out of sight!
Deactivating autopickup; reactivate with Ctrl-A.
Things that are here:
an arrow; a quokka corpse
There is a stone staircase leading up here.
There is a stone staircase leading up here.
Something hits you.
* * * LOW HITPOINT WARNING * * *
Something shocks you.
* * * LOW HITPOINT WARNING * * *
You climb upwards.
Reactivating autopickup.
There is a stone staircase leading down here.
Deactivating autopickup; reactivate with Ctrl-A.
You clumsily bash something but do no damage.
Something hits you.
You die...

#.# #§§§# #.#.#.##. #.#
#.§§# #>#.#.##. #.#
##...#####.#.#.##.
#.####.................
#...........#####.#....
###.##.###### #.#####
#.##.# #.#
#.##.##########.#####
#.##@................
#.##...#.............
#.####.#####...######
#.#........#...######
#.#.##.###.#...#.....
#.#.##.#.......#.....
#.#.##.#.#.....#.....
#.#(...........'.....
#.#######......#.....


There were no monsters in sight!

Vanquished Creatures
  A giant cockroach (D:1)
  2 goblins (D:1)
  A jackal (D:1)
  A quokka (D:2)
  A bat (D:1)
  A rat (D:1)
7 creatures vanquished.

Notes
Turn   | Place    | Note
-------+----------+-------------------------------------------
     0 | D:1      | supaplexer the Octopode Wanderer began the quest for the
                  | Orb.
     0 | D:1      | supaplexer set off with: a +2 shortbow, 25 arrows, a +0
                  | mace, a potion of curing {@q1}, a ration
     0 | D:1      | Reached XP level 1. HP: 17/17 MP: 1/1
   125 | D:1      | Reached skill level 1 in Dodging
   978 | D:2      | Noticed a sky beast
  1230 | D:2      | Reached XP level 2. HP: 22/22 MP: 2/2
  1291 | D:2      | HP: 1/22 [something (5)]
  1293 | D:1      | Slain by a sky beast

Vault maps used:
D:1:      erik_arrival_blinker_ship, minmay_misc_feat_hallway,
          lemuel_flame_loot_1
D:2:      cheibriados_altar_1, lemuel_blue_sif_altar, lightli_temple_of_fire,
          first_ration

Skill      XL: |  1 |
---------------+----+-----
Dodging        | 1 |  1.6
Fighting       | |  4.0
Maces & Flails | |  1.0
Bows           | |  3.0
Throwing       | |  1.0
Stealth        | |  1.3

Action                   || total
-------------------------++-------
Melee: Shortbow          ||     1
 Fire: Shortbow          ||    12
Dodge: Dodged            ||     3

Table legend:
 A = Non-vault XP
 B = Vault XP
 C = Vault XP percentage of total XP
 D = Non-vault monster count
 E = Vault monster count
 F = Vault count percentage of total count
                 A         B        C        D         E       F
            +---------+---------+-------+---------+---------+-------
      Total |      11 |       0 |   0.0 |       7 |       0 |   0.0
            +---------+---------+-------+---------+---------+-------
        D:1 |       9 |       0 |   0.0 |       6 |       0 |   0.0
        D:2 |       2 |       0 |   0.0 |       1 |       0 |   0.0
            +---------+---------+-------+---------+---------+-------
